 Dungeon Crawl Stone Soup version 0.23-a0-639-ga9a3373 (webtiles) character file.

13 Brandom the Charmwright (level 2, 24/24 HPs)
             Began as a Demigod Skald on Dec 28, 2018.
             Quit the game on level 1 of the Dungeon on Dec 29, 2018.
             The game lasted 00:01:41 (444 turns).

Brandom the Charmwright (Demigod Skald)              Turns: 444, Time: 00:01:41

Health: 24/24      AC:  3    Str: 14    XL:     2   Next: 12%
Magic:  7/7        EV: 12    Int: 17    God:
Gold:   8          SH:  0    Dex: 15    Spells: 3/4 levels left

rFire    . . .     SeeInvis .   a - +0 mace
rCold    . . .     Gourm    .   (no shield)
rNeg     . . .     Faith    .   b - +0 leather armour
rPois    .         Spirit   .   (no helmet)
rElec    .         Reflect  .   (no cloak)
rCorr    .         Harm     .   (no gloves)
MR       .....                  (no boots)
Stlth    +.........             (no amulet)
HPRegen  0.08/turn              (no ring)
MPRegen  0.10/turn              (no ring)

@: no status effects
A: high mp 1
a: no special abilities


You were on level 1 of the Dungeon.
You were not hungry.

You visited 1 branch of the dungeon, and saw 1 of its levels.

You collected 8 gold pieces.

Inventory:

Hand Weapons
 a - a +0 mace (weapon)
Armour
 b - a +0 leather armour (worn)
Comestibles
 e - a ration


   Skills:
 + Level 2.0 Fighting
 * Level 2.2 Maces & Flails
 - Level 0.8 Armour
 - Level 1.7 Dodging
 - Level 1.7 Spellcasting
 + Level 2.8 Charms


You had 3 spell levels left.
You knew the following spells:

 Your Spells              Type           Power        Failure   Level  Hunger
a - Infusion              Chrm           ##..         8%          1    #......

Your spell library contained the following spells:

 Spells                   Type           Power        Failure   Level  Hunger
 Song of Slaying          Chrm           ##......     12%         2    ###....
 Shroud of Golubria       Chrm/Tloc      #.........   21%         2    ###....
 Regeneration             Chrm/Necr      #.........   38%         3    ###....
 Spectral Weapon          Hex/Chrm       #.......     38%         3    ###....


Dungeon Overview and Level Annotations

Branches:
Dungeon (1/15)


Innate Abilities, Weirdness & Mutations

You have an increased reservoir of magic. (+10% MP)


Message History

The bat hits you but does no damage.
You thump the bat!
You kill the bat!
You start resting.
Some of the chunks of flesh in your inventory have rotted away. x2
Things that are here:
a +0 short sword; a kobold corpse
Found a scroll labeled JUIXKES EDGHU and 16 gold pieces.
Found three items.
A kobold comes into view.
Found a small sapphire ring.
A rat and a goblin come into view.
The kobold shouts!
The goblin shouts!
You hear a shout!
Found a whip.
You hit the kobold. The kobold hits you.
A goblin comes into view. It is wielding a +0 club.
The kobold closely misses you.
You closely miss the kobold. The kobold misses you.
You hit the kobold.
You kill the kobold!
The goblin closely misses you.
You barely miss the goblin. The goblin hits you but does no damage.
You barely miss the rat. The goblin barely misses you.
The rat barely misses you. The goblin hits you but does no damage.
The rat bites you.
You barely miss the rat. The rat misses you.
The goblin hits you but does no damage.
You hit the rat but do no damage. The rat closely misses you.
The goblin hits you but does no damage.
All of the chunks of flesh in your inventory have rotted away.
You sock the rat!
You kill the rat!
You have reached level 2!
The goblin hits you with a +0 dagger. The goblin barely misses you.
The goblin closely misses you.
You barely miss the goblin. The goblin hits you with a +0 dagger.
The goblin hits you with a +0 club.
You hit the goblin. The goblin closely misses you.
The goblin hits you but does no damage.
You hit the goblin.
You kill the goblin!
The goblin barely misses you. The goblin hits you but does no damage.
You hit the goblin.
You kill the goblin!
No target in view!
No target in view!
Key pressed, stopping explore.
Key pressed, stopping explore.
Things that are here:
a +0 dagger; a goblin corpse

# # # ... #
...############ #
..............# #
)............# #
#.!(........# #
#..$..†)....### #
#...?..@....... #
#......###..### #
#......#?#..# #
#...(..###.=...
##########...........###
........)............#
#########.############
#......# #..###.#


There were no monsters in sight!

Vanquished Creatures
  3 giant cockroaches (D:1)
  2 goblins (D:1)
  2 kobolds (D:1)
  2 bats (D:1)
  3 rats (D:1)
12 creatures vanquished.

Notes
Turn   | Place    | Note
-------+----------+-------------------------------------------
     0 | D:1      | Brandom the Demigod Skald began the quest for the Orb.
     0 | D:1      | Reached XP level 1. HP: 17/17 MP: 5/5
   164 | D:1      | Upgraded the game from 0.23-a0-636-g0ff6057 to
                  | 0.23-a0-639-ga9a3373
   352 | D:1      | Reached XP level 2. HP: 22/24 MP: 7/7
   444 | D:1      | Quit the game

Vault maps used:
D:1:      dpeg_arrival_prison, item_on_display_a

Skill      XL: |  1 |
---------------+----+-----
Maces & Flails | 2 |  2.2
Fighting       | 2 |  2.0
Armour         | |  0.8
Dodging        | |  1.7
Spellcasting   | |  1.7
Charms         | |  2.8

Action                   || total
-------------------------++-------
Melee: Mace              ||    31
 Cast: Infusion          ||     1
Armor: Leather armour    ||    15
Dodge: Dodged            ||    25

Table legend:
 A = Non-vault XP
 B = Vault XP
 C = Vault XP percentage of total XP
 D = Non-vault monster count
 E = Vault monster count
 F = Vault count percentage of total count
                 A         B        C        D         E       F
            +---------+---------+-------+---------+---------+-------
      Total |      11 |       8 |  42.1 |       7 |       5 |  41.7
            +---------+---------+-------+---------+---------+-------
        D:1 |      11 |       8 |  42.1 |       7 |       5 |  41.7
            +---------+---------+-------+---------+---------+-------
